 Dungeon Crawl Stone Soup version 0.31-a0-430-gf8416d752b (webtiles) character file.

Game seed: 17360271896734200997

1086 Ethylacetat the Changeling (level 7, 0/88 HPs)
             Began as a Demigod Shapeshifter on July 31, 2023.
             Slain by a gnoll
             ... wielding a +0 halberd
              (1 damage)
             ... on level 5 of the Dungeon.
             The game lasted 00:10:59 (4819 turns).

Ethylacetat the Changeling (Demigod Shapeshifter)   Turns: 4819, Time: 00:11:01

Health: 0/88       AC: 13    Str: 16    XL:     7   Next: 82%
Magic:  9/9        EV: 12    Int: 10    God:
Gold:   199        SH:  0    Dex: 28    Spells: 6/6 levels left

rFire   . . .        l - +2 dagger (protect)
rCold   . . .        (no shield)
rNeg    + . .        i - +1 ring mail {rPois}
rPois   +            (helmet currently unavailable)
rElec   .            (cloak currently unavailable)
rCorr   .            (gloves currently unavailable)
SInv    .            (boots currently unavailable)
Will    .....        (no amulet) Stlth
                     h - ring of positive energy
HPRegen 0.34/turn    m - +6 ring of dexterity
MPRegen 0.11/turn

%: random rage (3%)
@: berserking, beast-form, under a protective aura, very quick
A: beast (slay +4), high MP 1, forlorn, divine attributes, antennae 1, berserk 1
a: Begin Untransformation


You were on level 5 of the Dungeon.
You were a hulking beast.
You visited 1 branch of the dungeon, and saw 5 of its levels.

You collected 199 gold pieces.

Inventory:

Hand Weapons
 l - a +2 dagger of protection (weapon)
Armour
 i - a +1 ring mail of poison resistance (worn)
Jewellery
 h - a ring of positive energy (left hand)
 m - a +6 ring of dexterity (right hand)
Talismans
 c - a beast talisman (active)
Wands
 u - a wand of flame (16)
Scrolls
 a - a scroll of poison {unknown}
 d - 2 scrolls of brand weapon {unknown}
 e - 3 scrolls of silence {unknown}
 g - a scroll of summoning {unknown}
 k - a scroll of torment {unknown}
 n - a scroll of acquirement {unknown}
 o - 3 scrolls of enchant armour {unknown}
 p - a scroll of fog {unknown}
 q - a scroll of fear {unknown}
 r - 5 scrolls of identify {unknown}
 s - 2 scrolls of noise {unknown}
 t - a scroll of immolation {unknown}
 v - a scroll of blinking {unknown}
Potions
 b - a potion of lignification
 f - a potion of curing
 j - a potion of degeneration {unknown}


   Skills:
 + Level 4.2 Fighting
 - Level 2.0 Dodging
 + Level 5.1 Unarmed Combat
 * Level 5.7 Shapeshifting


You had 6 spell levels left.
You didn't know any spells.
Your spell library contained the following spells:

 Spells                   Type           Power      Damage    Failure   Level
 Apportation              Tloc           0%         N/A       58%         1
 Necrotise                Necr           0%         1d4       58%         1
 Sandblast                Erth           0%         2d4       58%         1
 Summon Small Mammal      Summ           0%         N/A       58%         1
 Blink                    Tloc           0%         N/A       73%         2
 Lesser Beckoning         Tloc           0%         N/A       73%         2
 Momentum Strike          Conj/Tloc      0%         3d8       73%         2
 Passwall                 Tmut/Erth      0%         N/A       73%         2
 Stone Arrow              Conj/Erth      0%         3d7       91%         3


Dungeon Overview and Level Annotations

Branches:
Dungeon (5/15)
 Temple: D:4-7


Innate Abilities, Weirdness & Mutations

You are a hulking beast.
Your limbs bulge with bestial killing power. (Slay +4)
You have an increased reservoir of magic. (+10% MP)
You shall have no god before yourself.
Your divine heritage dramatically boosts your attributes as you level up.
You have a pair of small antennae on your head.
You sometimes lose your temper in combat.


Message History

The scorpion is severely wounded.
The gnoll hits you but does no damage.
The scorpion stings you but does no damage.
The gnoll misses you. The adder bites you but does no damage.
You hit the scorpion.
The scorpion is almost dead.
The scorpion stings you but does no damage.
The adder barely misses you. The gnoll hits you with a +0 halberd!
The gnoll closely misses you.
You are too injured to fight recklessly!
You are too injured to fight recklessly!
You are too injured to fight recklessly!
You are too injured to fight recklessly!
You hit the gnoll.
The gnoll is moderately wounded.
The adder bites you.
* * * LOW HITPOINT WARNING * * *
The scorpion misses you. The gnoll closely misses you. The gnoll misses you.
The adder bites you but does no damage. The scorpion barely misses you.
You hit the gnoll. You punch the gnoll.
The gnoll is almost dead.
The gnoll closely misses you. x2; The adder bites you but does no damage.
The scorpion misses you.
A red film seems to cover your vision as you go berserk!
You feel yourself moving faster!
You feel mighty!
You completely miss the gnoll.
The gnoll is almost dead.
The gnoll hits you with a +0 halberd.
* * * LOW HITPOINT WARNING * * *
The gnoll hits you with a +0 halberd!
* * * LOW HITPOINT WARNING * * *
The adder barely misses you. The scorpion completely misses you.
You closely miss the gnoll.
The gnoll is almost dead.
The adder closely misses you.
The scorpion splashes around in the water.
The gnoll hits you with a +0 halberd!
* * * LOW HITPOINT WARNING * * *
The gnoll hits you with a +0 halberd.
You die...

#.......# ##..
#........# #..
##...####.# ### #....
#.## #### ##... #..#
#####... #..... #..#
###.......
#.....####..#.........##
#.....g.........########
## #.....gh....#####
###### .# ...#..sS~P.##
#..... ... #..P~.~P...#
#..... ...
#....~.~..#..# #.....
... #....P~P~P.....#
#.... ...
.....PPPPP.....# #####
... .##............# ...
#............ ..


You could see a scorpion, 2 gnolls and an adder.

Vanquished Creatures
  Pikel (D:5)
  An orc warrior (D:4)
  2 hounds (D:5)
  2 orc priests
  2 iguanas (D:5)
  3 orc wizards
  Natasha (thrice) (D:3)
  8 adders
  2 ufetubi
  3 worms (D:2)
  2 dart slugs
  16 orcs
  7 ball pythons
  4 endoplasms
  3 giant cockroaches
  9 goblins
  5 hobgoblins
  14 jackals
  7 kobolds
  3 quokkas
  3 bats
  3 frilled lizards
  4 rats
107 creatures vanquished.

Notes
Turn   | Place    | Note
-------+----------+-------------------------------------------
     0 | D:1      | Ethylacetat the Demigod Shapeshifter began the quest for
                  | the Orb.
     0 | D:1      | Reached XP level 1. HP: 15/15 MP: 3/3
    73 | D:1      | Reached skill level 1 in Fighting
   415 | D:1      | Reached XP level 2. HP: 5/23 MP: 4/4
  1121 | D:2      | Reached XP level 3. HP: 28/28 MP: 5/5
  1631 | D:2      | Reached XP level 4. HP: 33/36 MP: 6/6
  2484 | D:3      | Noticed Natasha
  2490 | D:3      | Killed Natasha
  2787 | D:3      | Noticed Natasha
  2796 | D:3      | Killed Natasha
  2797 | D:3      | Reached XP level 5. HP: 37/42 MP: 7/7
  2881 | D:3      | Noticed Natasha
  2891 | D:3      | Killed Natasha
  3501 | D:4      | Noticed an orc warrior
  3535 | D:4      | Gained mutation: You have hidden genetic defects. [potion
                  | of mutation]
  3535 | D:4      | Gained mutation: You have a pair of small antennae on your
                  | head. [potion of mutation]
  3535 | D:4      | Gained mutation: You are agile. (Dex +4, Str/Int -1)
                  | [potion of mutation]
  3538 | D:4      | HP: 2/63 [orc warrior/+0 war axe (5)]
  3541 | D:4      | Killed an orc warrior
  3542 | D:4      | Reached XP level 6. HP: 2/50 MP: 8/8
  3552 | D:4      | Gained mutation: You sometimes lose your temper in combat.
                  | [hidden defects]
  3777 | D:4      | Lost mutation: You are agile. (Dex +4, Str/Int -1) [hidden
                  | defects]
  3777 | D:4      | Lost mutation: You have hidden genetic defects. [hidden
                  | defects expressed]
  4312 | D:5      | Entered Level 5 of the Dungeon
  4561 | D:5      | Noticed Pikel
  4576 | D:5      | Killed Pikel
  4577 | D:5      | Reached skill level 5 in Unarmed Combat
  4577 | D:5      | Reached skill level 5 in Shapeshifting
  4577 | D:5      | Reached XP level 7. HP: 6/59 MP: 9/9
  4819 | D:5      | HP: 1/88 [gnoll/+0 halberd (11)]
  4819 | D:5      | Slain by a gnoll

Illustrated notes

Levels and vault maps discovered:
D:1:      sevenhm_arrival_forest_fort_small_3, layout_basic, patterned_corridor
D:2:      minmay_general_purpose_star, layout_basic,
          shapermc_ecumenical_altar_notcrosses, serial_co_window_serial,
          co_window_paths_a, co_window_corner_a, co_window_cross_1,
          co_window_of_opportunity_a, co_window_corner_a, co_window_cross_1,
          co_window_of_opportunity_b, co_window_broadway_c,
          co_window_unsneaky_path_e, co_window_paths_e, glass_columns_c,
          glass_columns_a
D:3:      layout_loops_ring, lemuel_blue_sif_altar, uniq_natasha
D:4:      layout_gridville, serial_bayou_ford_a, kennysheep_flooded_box,
          hangedman_abyss_or_decor_stabs, serial_park_tiny_2,
          guppyfry_early_orc_mine
D:5:      layout_cave_pods, dreamdust_gnoll_farm, uniq_pikel, uniq_blork_the_orc

Skill      XL: |  1  2  3  4  5  6 |
---------------+-------------------+-----
Fighting       | 1 2 4 |  4.2
Dodging        | 2 |  2.0
Unarmed Combat | 3 4 5 |  5.1
Shapeshifting  | 3 4 5 |  5.7

Action                     |  1- 3 |  4- 6 |  7- 9 || total
---------------------------+-------+-------+-------++-------
  Melee: Unarmed           |   110 |     1 |       ||   111
         Dagger            |    48 |   255 |    15 ||   318
         Punch             |     2 |     6 |     3 ||    11
    Use: Potion            |       |     7 |       ||     7
   Stab: Sleeping          |     2 |     5 |       ||     7
 Armour: Animal skin       |    29 |    95 |       ||   124
         Skin              |       |    17 |       ||    17
         Ring mail         |       |    23 |    14 ||    37
  Dodge: Dodged            |    89 |   173 |    36 ||   298

Table legend: (Time is in decaauts)
 A = Elapsed time spent in this place.
 B = Non-inter-level travel time spent in this place.
 C = Inter-level travel time spent in this place.
 D = Time resting spent in this place.
 E = Time spent auto-exploring this place.
 F = Levels seen in this place.
 G = Mean time per level.
                   A        B        C        D        E       F      G
               +--------+--------+--------+--------+--------+-----+--------+
         Total |   4823 |   4682 |    141 |    368 |   3500 |   5 |  964.6 |
       Dungeon |   4823 |   4682 |    141 |    368 |   3500 |   5 |  964.6 |
               +--------+--------+--------+--------+--------+-----+--------+

Top non-repeatable levels by time:
     D:4: 1213 daAuts
     D:2: 1134 daAuts
     D:1: 1102 daAuts
     D:3: 850 daAuts
     D:5: 522 daAuts
